BR (22 & UNDER)
MONROE MALLARDS @ SAN FRANCISCO MACHO MEN
08/24/2028
 
TOP OF THE 1ST
Monroe Mallards batting - Pitching for San Francisco Macho Men : RHP Allen Cronk
Pitching: RHP Allen Cronk
Batting: RHB Stephen Black 0-0: Called Strike
0-1: Called Strike
0-2: Ball
1-2: Ball
2-2: Foul Ball, location: 2F
2-2: Fly out, F9 (Flyball, 9LS)
Batting: RHB Dave Sawyer 0-0: Ball
1-0: Ball
2-0: Ball
3-0: Called Strike
3-1: Base on Balls
Batting: LHB Allen Boyd 0-0: Fly out, F7 (Line Drive, 7D)
Batting: RHB Cisco López 0-0: Called Strike
Dave Sawyer steals 2nd base
0-1: Ball
1-1: Fly out, F8 (Flyball, 8LS)
Top of the 1st over - 0 run(s), 0 hit(s), 0 error(s), 1 left on base; Monroe 0 - San Francisco 0
BOTTOM OF THE 1ST
San Francisco Macho Men batting - Pitching for Monroe Mallards : RHP Patrick Bland
Pitching: RHP Patrick Bland
Batting: RHB Júlio Serra 0-0: SINGLE (Line Drive, 6D)
Batting: LHB Phil Bishop 0-0: Called Strike
Júlio Serra steals 2nd base
0-1: Fly out, F8 (Line Drive, 78M)
Batting: LHB Ernesto Hernández 0-0: Foul Ball, location: 2F
0-1: Ball
1-1: Ground out 4-3 (Groundball, 4S)
Júlio Serra to third
Batting: RHB Miguel Ramos 0-0: Called Strike
0-1: Foul Ball, location: 2F
0-2: Fly out, F9 (Flyball, 9)
Bottom of the 1st over - 0 run(s), 1 hit(s), 0 error(s), 1 left on base; Monroe 0 - San Francisco 0
TOP OF THE 2ND
Monroe Mallards batting - Pitching for San Francisco Macho Men : RHP Allen Cronk
Batting: LHB Ramón Ortega 0-0: SINGLE (Flyball, 7S)
Batting: RHB Jorge Vázquez 0-0: Called Strike
0-1: Foul Ball, location: 2F
0-2: Ball
1-2: Strikes out looking
Batting: RHB Simon Plante 0-0: Ball
1-0: Ball
2-0: Ball
3-0: Called Strike
3-1: Fly out, F7 (Flyball, 7S)
Batting: RHB Ricardo López 0-0: Ball
1-0: Ball
2-0: Ball
3-0: Base on Balls
Ramón Ortega to second
Batting: RHB Héctor Vega 0-0: Ball
1-0: Called Strike
1-1: Swinging Strike
1-2: Strikes out swinging
Top of the 2nd over - 0 run(s), 1 hit(s), 0 error(s), 2 left on base; Monroe 0 - San Francisco 0
BOTTOM OF THE 2ND
San Francisco Macho Men batting - Pitching for Monroe Mallards : RHP Patrick Bland
Batting: RHB Phil Rowlett 0-0: Ball
1-0: Ball
2-0: Called Strike
2-1: Foul Ball, location: 2F
2-2: Ball
3-2: Fly out, F9 (Flyball, 9LSF)
Batting: RHB Awragh Hazem 0-0: Ball
1-0: Called Strike
1-1: Fly out, F6 (Popup, 6)
Batting: RHB Derek Hartman 0-0: SINGLE (Groundball, 6MD)
Batting: RHB Bob Jones 0-0: Swinging Strike
0-1: Ball
1-1: Ball
Wild Pitch!
Derek Hartman to second
2-1: Ball
3-1: Ground out 1-3 (Groundball, P)
Bottom of the 2nd over - 0 run(s), 1 hit(s), 0 error(s), 1 left on base; Monroe 0 - San Francisco 0
TOP OF THE 3RD
Monroe Mallards batting - Pitching for San Francisco Macho Men : RHP Allen Cronk
Batting: RHB Stephen Black 0-0: SOLO HOME RUN (Flyball, 8RXD), Distance : 433 ft
Batting: RHB Dave Sawyer 0-0: Ball
1-0: Called Strike
1-1: Ball
2-1: Ball
3-1: Base on Balls
Batting: LHB Allen Boyd 0-0: Foul Ball, location: 2F
0-1: Ball
1-1: Ball
2-1: Ball
3-1: Swinging Strike
3-2: SINGLE (Groundball, 4D)
Dave Sawyer to second
Dave Sawyer to third
Batting: RHB Cisco López 0-0: Called Strike
0-1: Ball
1-1: Called Strike
1-2: Ball
2-2: Foul Ball, location: 2F
2-2: Ball
3-2: Foul Ball, location: 2F
3-2: Base on Balls
Allen Boyd to second
Batting: LHB Ramón Ortega 0-0: Ball
1-0: Fly out, F8 (Flyball, 8RM)
Runner from 3rd tags up, SCORES, no throw
Batting: RHB Jorge Vázquez 0-0: Ball
1-0: Ball
2-0: Grounds into double play, 6-4-3 (Groundball, 6)
Top of the 3rd over - 2 run(s), 2 hit(s), 0 error(s), 1 left on base; Monroe 2 - San Francisco 0
BOTTOM OF THE 3RD
San Francisco Macho Men batting - Pitching for Monroe Mallards : RHP Patrick Bland
Batting: RHB Lawrence Pérez 0-0: Foul Ball, location: 2F
0-1: Ball
1-1: Called Strike
1-2: Ground out 5-3 (Groundball, 56)
Batting: RHB Júlio Serra 0-0: Foul Ball, location: 2F
0-1: Ball
1-1: Fly out, F6 (Line Drive, 56)
Batting: LHB Phil Bishop 0-0: Ground out 4-3 (Groundball, 34)
Bottom of the 3rd over - 0 run(s), 0 hit(s), 0 error(s), 0 left on base; Monroe 2 - San Francisco 0
TOP OF THE 4TH
Monroe Mallards batting - Pitching for San Francisco Macho Men : RHP Allen Cronk
Batting: RHB Simon Plante 0-0: Called Strike
0-1: Swinging Strike
0-2: Foul Ball, location: 2F
0-2: Ball
1-2: Ball
2-2: Ball
3-2: Base on Balls
Batting: RHB Ricardo López 0-0: Ball
1-0: Ball
2-0: Foul Ball, location: 2F
2-1: Foul Ball, location: 2F
2-2: Fielders Choice at 2nd, 1-6 (Groundball, 13S)
Batting: RHB Héctor Vega 0-0: Ball
1-0: Ball
2-0: Ball
3-0: Called Strike
3-1: Fly out, F7 (Flyball, 7)
Batting: RHB Stephen Black 0-0: Foul Ball, location: 2F
0-1: Called Strike
0-2: Ball
1-2: Ground out 5-3 (Groundball, 56S)
Top of the 4th over - 0 run(s), 0 hit(s), 0 error(s), 1 left on base; Monroe 2 - San Francisco 0
BOTTOM OF THE 4TH
San Francisco Macho Men batting - Pitching for Monroe Mallards : RHP Patrick Bland
Batting: LHB Ernesto Hernández 0-0: Fly out, F2 (Popup, 13)
Batting: RHB Miguel Ramos 0-0: Called Strike
0-1: Foul Ball, location: 2F
0-2: Ball
1-2: SINGLE (Groundball, 6D)
Batting: RHB Phil Rowlett 0-0: Called Strike
0-1: Fly out, F8 (Flyball, 8RS)
Batting: RHB Awragh Hazem 0-0: Foul Ball, location: 2F
0-1: Ball
1-1: Ground out 5-3 (Groundball, 5S)
Bottom of the 4th over - 0 run(s), 1 hit(s), 0 error(s), 1 left on base; Monroe 2 - San Francisco 0
TOP OF THE 5TH
Monroe Mallards batting - Pitching for San Francisco Macho Men : RHP Allen Cronk
Batting: RHB Dave Sawyer 0-0: Called Strike
0-1: Called Strike
0-2: Ball
1-2: Ball
2-2: Foul Ball, location: 2F
2-2: Ball
3-2: Ground out 5-3 (Groundball, 56)
Pitching: RHP Ryuichi Ohayashi
Batting: LHB Allen Boyd 0-0: Ball
1-0: Ground out 6-3 (Groundball, 6MD)
Batting: RHB Cisco López 0-0: Called Strike
0-1: Ball
1-1: Foul Ball, location: 2F
1-2: Ball
2-2: Foul Ball, location: 2F
2-2: Strikes out swinging
Top of the 5th over - 0 run(s), 0 hit(s), 0 error(s), 0 left on base; Monroe 2 - San Francisco 0
BOTTOM OF THE 5TH
San Francisco Macho Men batting - Pitching for Monroe Mallards : RHP Patrick Bland
Batting: RHB Derek Hartman 0-0: Ball
1-0: Fly out, F4 (Flyball, 4MD)
Batting: RHB Bob Jones 0-0: Called Strike
0-1: Ball
1-1: Ball
2-1: Swinging Strike
2-2: Ball
3-2: Foul Ball, location: 2F
3-2: Foul Ball, location: 2F
3-2: Strikes out swinging
Batting: RHB Lawrence Pérez 0-0: Ball
1-0: Ball
2-0: Ball
3-0: Base on Balls
Batting: RHB Júlio Serra 0-0: Ball
1-0: Ball
2-0: Swinging Strike
2-1: SINGLE (Flyball, 8LS)
Lawrence Pérez to second
Batting: LHB Phil Bishop 0-0: Called Strike
0-1: Called Strike
0-2: Ball
1-2: DOUBLE (Line Drive, 78D)
Lawrence Pérez scores
Júlio Serra to third
Runner from 3rd tries for Home, SAFE, no throw
Batting: LHB Ernesto Hernández 0-0: Foul Ball, location: 2F
0-1: Ball
1-1: Ball
2-1: Called Strike
2-2: Foul Ball, location: 2F
2-2: Ground out 4-3 (Groundball, 4)
Bottom of the 5th over - 2 run(s), 2 hit(s), 0 error(s), 1 left on base; Monroe 2 - San Francisco 2
TOP OF THE 6TH
Monroe Mallards batting - Pitching for San Francisco Macho Men : RHP Ryuichi Ohayashi
Batting: LHB Ramón Ortega 0-0: Called Strike
0-1: Ball
1-1: Called Strike
1-2: Foul Ball, location: 2F
1-2: Strikes out swinging
Batting: RHB Jorge Vázquez 0-0: Called Strike
0-1: Foul Ball, location: 2F
0-2: Ball
1-2: Ball
2-2: Ball
3-2: SINGLE (Line Drive, 8LS)
Batting: RHB Simon Plante 0-0: Ball
1-0: Called Strike
1-1: Ball
2-1: Called Strike
2-2: Grounds into double play, 4-6-3 (Groundball, 34)
Top of the 6th over - 0 run(s), 1 hit(s), 0 error(s), 0 left on base; Monroe 2 - San Francisco 2
BOTTOM OF THE 6TH
San Francisco Macho Men batting - Pitching for Monroe Mallards : RHP Patrick Bland
Batting: RHB Miguel Ramos 0-0: Called Strike
0-1: Single, Error in OF, E8, batter to second base
Batting: RHB Phil Rowlett 0-0: Ball
1-0: Foul Ball, location: 2F
1-1: Foul Ball, location: 2F
1-2: Fly out, F8 (Flyball, 8RD)
Runner from 2nd tags up, SAFE at 3rd, no throw
Batting: RHB Awragh Hazem 0-0: Fly out, F8 (Flyball, 8RM)
Runner from 3rd tags up, SCORES, no throw
Batting: RHB Derek Hartman 0-0: Ball
1-0: Ball
2-0: Ball
3-0: Called Strike
3-1: SINGLE (Line Drive, 5S)
Pitching: RHP Mark Thompson
Batting: RHB Bob Jones 0-0: Swinging Strike
0-1: Ball
1-1: Foul Ball, location: 2F
1-2: Ball
2-2: Ball
3-2: Strikes out swinging
Bottom of the 6th over - 1 run(s), 2 hit(s), 1 error(s), 1 left on base; Monroe 2 - San Francisco 3
TOP OF THE 7TH
Monroe Mallards batting - Pitching for San Francisco Macho Men : RHP Ryuichi Ohayashi
Batting: RHB Ricardo López 0-0: Ball
1-0: Called Strike
1-1: Called Strike
1-2: Ball
2-2: Foul Ball, location: 2F
2-2: Ground out 6-3 (Groundball, 6)
Batting: RHB Héctor Vega 0-0: Fly out, F3 (Popup, 3S)
Batting: RHB Stephen Black 0-0: Called Strike
0-1: Ball
1-1: Swinging Strike
1-2: Ball
2-2: SOLO HOME RUN (Flyball, 7D), Distance : 372 ft
Batting: RHB Dave Sawyer 0-0: Called Strike
0-1: Ball
1-1: Ball
2-1: Ball
3-1: Base on Balls
Batting: LHB Allen Boyd 0-0: Ball
1-0: Ball
2-0: Called Strike
2-1: Ball
3-1: Called Strike
3-2: Ground out 4-3 (Groundball, 4)
Top of the 7th over - 1 run(s), 1 hit(s), 0 error(s), 1 left on base; Monroe 3 - San Francisco 3
BOTTOM OF THE 7TH
San Francisco Macho Men batting - Pitching for Monroe Mallards : RHP Mark Thompson
Pinch Hitting: RHB Will White 0-0: Called Strike
0-1: Ball
1-1: Ground out 6-3 (Groundball, 6M)
Batting: RHB Júlio Serra 0-0: Fly out, F8 (Line Drive, 8LM)
Batting: LHB Phil Bishop 0-0: Swinging Strike
0-1: Ball
1-1: Foul Ball, location: 2F
1-2: Ground out 1-3 (Groundball, P)
Bottom of the 7th over - 0 run(s), 0 hit(s), 0 error(s), 0 left on base; Monroe 3 - San Francisco 3
TOP OF THE 8TH
Monroe Mallards batting - Pitching for San Francisco Macho Men : RHP Ryuichi Ohayashi
Pitching: LHP Mike Barr
Now at 2B: Will White
Batting: RHB Cisco López 0-0: Called Strike
0-1: Ball
1-1: Swinging Strike
1-2: Ball
2-2: Ball
3-2: Base on Balls
Pinch Runner at 1st George Gardner:
Batting: LHB Ramón Ortega 0-0: Ball
1-0: Grounds into double play, 4-6-3 (Groundball, 4)
Batting: RHB Jorge Vázquez 0-0: Ground out 5-3 (Groundball, 5)
Top of the 8th over - 0 run(s), 0 hit(s), 0 error(s), 0 left on base; Monroe 3 - San Francisco 3
BOTTOM OF THE 8TH
San Francisco Macho Men batting - Pitching for Monroe Mallards : RHP Mark Thompson
Batting: LHB Ernesto Hernández 0-0: Ball
1-0: Ball
2-0: Ball
3-0: Called Strike
3-1: Fly out, F9 (Line Drive, 89D)
Pinch Hitting: RHB Nelson Burton 0-0: Ball
1-0: Foul Ball, location: 2F
1-1: DOUBLE (Line Drive, 7LD)
Batting: RHB Phil Rowlett 0-0: Swinging Strike
0-1: Ball
1-1: Ball
2-1: Ground out 4-3 (Groundball, 4)
Nelson Burton to third
Batting: RHB Awragh Hazem 0-0: Ball
1-0: Ground out 6-3 (Groundball, 6D)
Bottom of the 8th over - 0 run(s), 1 hit(s), 0 error(s), 1 left on base; Monroe 3 - San Francisco 3
TOP OF THE 9TH
Monroe Mallards batting - Pitching for San Francisco Macho Men : LHP Mike Barr
Pitching: RHP Víctor Bañuelos
Now at 3B: Armando Alomar
Batting: RHB Simon Plante 0-0: Ball
1-0: Called Strike
1-1: Ball
2-1: Foul Ball, location: 2F
2-2: Foul Ball, location: 2F
2-2: Foul Ball, location: 2F
2-2: Ball
3-2: Foul Ball, location: 2F
3-2: Strikes out swinging
Batting: RHB Ricardo López 0-0: Ball
1-0: Called Strike
1-1: Ball
2-1: Ball
3-1: Called Strike
3-2: Fly out, F7 (Line Drive, 78M)
Batting: RHB Héctor Vega 0-0: Called Strike
0-1: Fly out, F4 (Popup, 34)
Top of the 9th over - 0 run(s), 0 hit(s), 0 error(s), 0 left on base; Monroe 3 - San Francisco 3
BOTTOM OF THE 9TH
San Francisco Macho Men batting - Pitching for Monroe Mallards : RHP Mark Thompson
Batting: RHB Derek Hartman 0-0: Ball
1-0: Foul Ball, location: 2F
1-1: Ball
2-1: Ball
3-1: Fly out, F5 (Popup, 56)
Batting: RHB Bob Jones 0-0: Called Strike
0-1: Ball
1-1: SINGLE (Groundball, 5S) (infield hit)
Pinch Runner at 1st Rob Johnston:
Batting: RHB Will White 0-0: Called Strike
0-1: Foul Ball, location: 2F
0-2: Ball
1-2: Ground out 5-3 (Groundball, 5S)
Rob Johnston to second
Batting: RHB Júlio Serra 0-0: Foul Ball, location: 2F
0-1: Ball
1-1: Ball
2-1: Foul Ball, location: 2F
2-2: Ball
3-2: Strikes out swinging
Bottom of the 9th over - 0 run(s), 1 hit(s), 0 error(s), 1 left on base; Monroe 3 - San Francisco 3
TOP OF THE 10TH
Monroe Mallards batting - Pitching for San Francisco Macho Men : RHP Víctor Bañuelos
Batting: RHB Stephen Black 0-0: Called Strike
0-1: Ball
1-1: Called Strike
1-2: Strikes out swinging
Batting: RHB Dave Sawyer 0-0: Ball
1-0: Foul Ball, location: 2F
1-1: Ground out 5-3 (Groundball, 56)
Batting: LHB Allen Boyd 0-0: Foul Ball, location: 2F
0-1: Called Strike
0-2: Ball
1-2: Ball
2-2: Strikes out swinging
Top of the 10th over - 0 run(s), 0 hit(s), 0 error(s), 0 left on base; Monroe 3 - San Francisco 3
BOTTOM OF THE 10TH
San Francisco Macho Men batting - Pitching for Monroe Mallards : RHP Mark Thompson
Batting: LHB Phil Bishop 0-0: Ball
1-0: DOUBLE (Line Drive, 89D)
Batting: LHB Ernesto Hernández 0-0: Ball
1-0: Ball
2-0: Foul Ball, location: 2F
2-1: Foul Ball, location: 2F
2-2: Fly out, F8 (Flyball, 89M)
Pitching: LHP Alex Roberts
Pinch Hitting: RHB Dean Oglethorpe 0-0: Foul Ball, location: 2F
0-1: Swinging Strike
0-2: Strikes out swinging
Batting: RHB Phil Rowlett 0-0: Ball
1-0: Foul Ball, location: 2F
1-1: SINGLE (Line Drive, 78S)
Phil Bishop to third
Runner from 3rd tries for Home, SAFE, no throw
Tuesday, August 8th, 2017 - OOTP Baseball 17.12 Build 75